 Dungeon Crawl Stone Soup version 0.30.0-15-g856e2d3f33 (webtiles) character file.

Game seed: 6025394382445803542

28106 JanusIIV the Brawler (level 13, -11/186 HPs)
             Began as a Troll Berserker on May 18, 2023.
             Was a High Priest of Trog.
             Mangled by a white ugly thing (32 damage)
             ... on level 14 of the Dungeon.
             The game lasted 00:29:53 (13115 turns).

JanusIIV the Brawler (Troll Berserker)             Turns: 13115, Time: 00:29:53

Health: -11/186    AC: 12    Str: 32    XL:     13   Next: 8%
Magic:  0/12       EV: 11    Int:  5    God:    Trog [*****.]
Gold:   626        SH:  0    Dex:  9    Spells: 12/12 levels left

rFire   + .          .
                       - Unarmed
rCold   . . .        (no shield)
rNeg    . . .        L - +1 acid dragon scales
rPois   .            F - +3 crown of Dyrovepreva {rElec Int+2 SInv}
rElec   +            (no cloak)
rCorr   +            (gloves unavailable)
SInv    +            (boots unavailable)
Will    .....        k - amulet of guardian spirit Stlth
                     s - ring of protection from fire
HPRegen 1.31/turn    w - ring of flight
MPRegen 0.13/turn

%: guardian spirit
@: berserking, flying, very quick
A: large, unfitting armour, claws 3, regeneration 1, shaggy fur 1, tough skin 1,
sturdy frame 1
a: Renounce Religion, Berserk, Trog's Hand, Brothers in Arms


You were on level 14 of the Dungeon.
You worshipped Trog.
Trog was extremely pleased with you.
You visited 1 branch of the dungeon, and saw 14 of its levels.
You also visited: Ice Cave.

You collected 756 gold pieces.
You spent 130 gold pieces at shops.

Inventory:

Hand Weapons
 B - a +1 giant spiked club
 E - a +2 morningstar
Missiles
 v - 6 javelins (quivered)
Armour
 j - a +2 robe of resistance
 p - the +0 kite shield of Vampiric Thralls {rC+}
   (You found it on level 14 of the Dungeon)

   rC:        It protects you from cold.
 F - the +3 crown of Dyrovepreva (worn) {rElec Int+2 SInv}
   (You found it on level 7 of the Dungeon)

   Int:       It affects your intelligence (+2).
   rElec:     It insulates you from electricity.
   SInv:      It lets you see invisible.
 L - +1 acid dragon scales (worn)
Jewellery
 e - a ring of ice
 k - an amulet of guardian spirit (around neck)
 s - a ring of protection from fire (left claw)
 w - a ring of flight (right claw)
Wands
 c - a wand of polymorph (5)
 u - a wand of flame (18)
 y - a wand of iceblast (6)
 z - a wand of digging (2)
 G - a wand of charming (6)
 K - a wand of mindburst (1)
Scrolls
 a - 4 scrolls of identify
 b - 5 scrolls of fear
 f - 7 scrolls of teleportation
 g - 3 scrolls of fog
 h - 3 scrolls of enchant weapon
 q - 2 scrolls of poison
 r - 2 scrolls of vulnerability
Potions
 d - a potion of resistance {unknown}
 i - 2 potions of flight
 l - 3 potions of might
 n - a potion of cancellation
 t - 2 potions of magic
 x - a potion of mutation
 C - a potion of invisibility
 H - 2 potions of haste


   Skills:
 + Level 7.1 Fighting
 - Level 8.0 Maces & Flails
 - Level 8.0 Dodging
 + Level 16.9 Unarmed Combat


You had 12 spell levels left.
You didn't know any spells.
Your spell library was empty.

Dungeon Overview and Level Annotations

Branches:
Dungeon (15/15)            Temple (0/1) D:6            Lair (0/5) D:9
    Orc (0/2) D:10          IceCv (visited)
 Vaults: D:13-14     Depths: D:15

Altars:
Dithmenos
Elyvilon
Hepliaklqana
Kikubaaqudgha
Nemelex Xobeh
Qazlal
Trog
Xom

Shops:
D:5 !   D:9 (

Annotations:
D:15 3 runed translucent doors, Kefanin's ghost, adept GrEE


Innate Abilities, Weirdness & Mutations

You are too large for most types of armour.
You have claws for hands.
Your natural rate of healing is unusually fast.
You are covered in fur. (AC +1)
You have tough skin. (AC +1)
Your movements are slightly less encumbered by armour. (ER -2)


Message History

The white ugly thing is severely wounded.
You feel sick.
You mangle the white ugly thing!!
You kill the white ugly thing!
Trog accepts your kill.
You feel sick.
You mangle the white ugly thing!! Your claw misses the white ugly thing.
The white ugly thing is moderately wounded.
You feel sick. The white ugly thing gores you.
The white ugly thing freezes you!!
* * * LOW HITPOINT WARNING * * *
You completely miss the white ugly thing.
You claw the white ugly thing.
The white ugly thing is moderately wounded.
You feel sick.
You feel better.
The white ugly thing gores you but does no damage.
You barely miss the white ugly thing.
The white ugly thing is moderately wounded.
The white ugly thing gores you but does no damage.
You closely miss the white ugly thing.
The white ugly thing is moderately wounded.
The white ugly thing gores you!
* * * LOW HITPOINT WARNING * * *
The white ugly thing freezes you!!
* * * LOW HITPOINT WARNING * * *
As you read the scroll of fear, it crumbles to dust.
You assume a fearsome visage.
The white ugly thing looks frightened!
There is an open door here.
You reach down and close the door.
You start resting.
A white ugly thing opens the door.
A red film seems to cover your vision as you go berserk!
You feel yourself moving faster!
You feel mighty!
You claw the white ugly thing!
The white ugly thing is moderately wounded.
The white ugly thing gores you!
* * * LOW HITPOINT WARNING * * *
The white ugly thing freezes you!!
You die...

#?... #.... ... #'##
#..# ##†# ####### #.#
......# ####u#####
......#######...@....#
......##....'........#
.........####........#
......#### #........#
##.#### #........#
##.# #####+#### ...#
#### #


You could see a white ugly thing.

Vanquished Creatures
  Louise (D:15)
  Snorg (D:11)
  A hydra (D:14)
  3 two-headed ogres
  3 boulder beetles (D:15)
  3 tengu warriors
  3 skeletal warriors (D:15)
  Pikel (D:4)
  An orc knight (D:15)
  9 ugly things
  An ice statue (IceCv)
  2 efreet
  An unseen horror (D:11)
  2 ice devils (D:12)
  3 anaconda simulacra (IceCv)
  A tengu conjurer (D:15)
  A freezing wraith (D:15)
  2 trolls
  7 wraiths
  6 yaks (D:11)
  A dire elephant simulacrum (IceCv)
  A wyvern (D:11)
  12 vampire mosquitoes
  3 steam dragons
  A death yak simulacrum (IceCv)
  4 acid dragons
  A water moccasin (D:8)
  2 sky beasts (D:7)
  3 black bears
  2 ice beasts (D:7)
  4 orc warriors
  3 centaurs
  3 ogres
  2 phantoms (D:5)
  3 kobold brigands
  2 bullfrogs (D:7)
  5 two-headed ogre simulacra (IceCv)
  A scorpion (D:4)
  2 cane toad simulacra (IceCv)
  18 wights
  An elephant simulacrum (IceCv)
  7 killer bees
  7 howler monkeys
  2 hounds (D:5)
  A sleepcap (D:5)
  A gnoll bouda (D:5)
  3 orc priests (D:9)
  9 orc wizards
  Ijyb (D:5)
  Natasha (thrice) (D:2)
  4 iguanas
  6 troll simulacra (IceCv)
  3 polar bear simulacra (IceCv)
  6 spriggan simulacra (IceCv)
  A wolf simulacrum (IceCv)
  6 gnolls (D:5)
  7 adders
  4 naga simulacra (IceCv)
  4 white imps
  7 ufetubi
  4 worms
  2 dart slugs
  18 orcs
  5 bats
  4 endoplasms
  3 giant cockroaches
  7 goblins
  7 hobgoblins
  17 kobolds
  5 quokkas
  8 ball pythons
  2 frilled lizards (D:2)
  5 rats
295 creatures vanquished.

Vanquished Creatures (collateral kills)
  2 bog bodies (IceCv)
  An ice devil (IceCv)
  2 death yak simulacra (IceCv)
  A hydra simulacrum (IceCv)
  An elephant simulacrum (IceCv)
  A troll simulacrum (IceCv)
  A wolf simulacrum (IceCv)
  An ufetubus (IceCv)
10 creatures vanquished.

Grand Total: 305 creatures vanquished

Notes
Turn   | Place    | Note
-------+----------+-------------------------------------------
     0 | D:1      | JanusIIV the Troll Berserker began the quest for the Orb.
     0 | D:1      | Reached XP level 1. HP: 22/22 MP: 0/0
   234 | D:1      | Reached XP level 2. HP: 29/29 MP: 1/1
   781 | D:2      | Noticed Natasha
   791 | D:2      | Killed Natasha
   792 | D:2      | Reached XP level 3. HP: 24/37 MP: 2/2
   826 | D:2      | Noticed Natasha
   837 | D:2      | Killed Natasha
   838 | D:2      | Reached skill level 4 in Unarmed Combat
   838 | D:2      | Reached XP level 4. HP: 10/45 MP: 3/3
   899 | D:2      | Reached ** piety under Trog
  1042 | D:2      | Noticed Natasha
  1048 | D:2      | Killed Natasha
  1071 | D:2      | Reached XP level 5. HP: 53/53 MP: 4/4
  1538 | D:3      | Reached skill level 5 in Unarmed Combat
  1702 | D:3      | Found a faded altar of an unknown god.
  2590 | D:4      | Noticed a black bear
  2598 | D:4      | Killed a black bear
  2599 | D:4      | Reached skill level 6 in Unarmed Combat
  2599 | D:4      | Reached XP level 6. HP: 40/62 MP: 5/5
  2753 | D:4      | Found a stormy altar of Qazlal.
  2883 | D:4      | Noticed Pikel
  2891 | D:4      | Killed Pikel
  2892 | D:4      | Reached skill level 8 in Unarmed Combat
  2892 | D:4      | Reached XP level 7. HP: 70/70 MP: 6/6
  3592 | D:5      | Entered Level 5 of the Dungeon
  3653 | D:5      | Reached *** piety under Trog
  3670 | D:5      | Noticed Ijyb
  3680 | D:5      | Killed Ijyb
  3715 | D:5      | Reached XP level 8. HP: 79/79 MP: 7/7
  3735 | D:5      | Found Puonuog's Distillery.
  3738 | D:5      | Bought a potion of heal wounds for 65 gold pieces
  3738 | D:5      | Bought a potion of heal wounds for 65 gold pieces
  3769 | D:5      | Reached skill level 9 in Unarmed Combat
  4288 | D:5      | Found a shadowy altar of Dithmenos.
  4293 | D:5      | Reached skill level 10 in Unarmed Combat
  4444 | D:6      | Reached skill level 5 in Fighting
  4602 | D:6      | Found a shimmering altar of Xom.
  4682 | D:6      | Found a bloodstained altar of Trog.
  4822 | D:6      | Found a staircase to the Ecumenical Temple.
  5496 | D:7      | Reached XP level 9. HP: 52/85 MP: 8/8
  5869 | D:7      | Reached skill level 11 in Unarmed Combat
  6006 | D:7      | Reached **** piety under Trog
  6127 | D:7      | Found the +3 crown of Dyrovepreva {rElec Int+2 SInv}
  6194 | D:7      | Reached skill level 12 in Unarmed Combat
  6702 | D:8      | Noticed a two-headed ogre
  6708 | D:8      | Killed a two-headed ogre
  6709 | D:8      | Reached XP level 10. HP: 70/98 MP: 9/9
  6865 | D:8      | Identified the orb of Weirdness {*Rage, rElec Str+4 Slay-6}
  6976 | D:8      | Reached skill level 13 in Unarmed Combat
  7322 | D:9      | Found a staircase to the Lair.
  7494 | D:9      | Noticed a two-headed ogre
  7502 | D:9      | Killed a two-headed ogre
  7503 | D:9      | Reached skill level 5 in Dodging
  7555 | D:9      | Identified the +3 short sword "Jiwkel" {flame, Int+5}
  7749 | D:9      | Noticed a two-headed ogre
  7757 | D:9      | Killed a two-headed ogre
  7758 | D:9      | Reached skill level 14 in Unarmed Combat
  7862 | D:9      | Found Ecempusa's Weapon Boutique.
  7992 | D:9      | Found a sparkling altar of Nemelex Xobeh.
  8353 | D:10     | Entered Level 10 of the Dungeon
  8452 | D:10     | Found an ancient bone altar of Kikubaaqudgha.
  8453 | D:10     | Found a white marble altar of Elyvilon.
  8547 | D:10     | Found a hazy altar of Hepliaklqana.
  8655 | D:10     | Identified the +0 cloak "Seawnedo" {rCorr}
  8712 | D:10     | Found a staircase to the Orcish Mines.
  8860 | D:10     | Reached ***** piety under Trog
  8862 | D:10     | Reached XP level 11. HP: 18/105 MP: 10/10
  8864 | D:10     | HP: 7/157 [poisoned by a killer bee]
  8866 | D:10     | HP: 3/157 [poisoned by a killer bee]
  8869 | D:10     | HP: 1/105 [poisoned by a killer bee]
  9390 | D:10     | Gained mutation: You are vulnerable to cold. (rC-) [potion
                  | of mutation]
  9390 | D:10     | Gained mutation: Your muscles are strong. (Str +4, Int/Dex
                  | -1) [potion of mutation]
  9391 | D:10     | Lost mutation: You are vulnerable to cold. (rC-) [potion of
                  | mutation]
  9391 | D:10     | Lost mutation: Your muscles are strong. (Str +4, Int/Dex
                  | -1) [potion of mutation]
  9391 | D:10     | Gained mutation: Your movements are slightly less
                  | encumbered by armour. (ER -2) [potion of mutation]
  9552 | D:11     | Noticed Snorg
  9561 | D:11     | Killed Snorg
  9621 | D:11     | Noticed a brown ugly thing
  9637 | D:11     | Killed a brown ugly thing
  9659 | D:11     | Reached skill level 1 in Maces & Flails
 10322 | D:12     | Reached skill level 5 in Maces & Flails
 10483 | D:12     | Found a frozen archway.
 10492 | IceCv    | Entered an ice cave
 11140 | IceCv    | Noticed a bog body
 11143 | IceCv    | Noticed a bog body
 11150 | IceCv    | Killed a bog body
 11153 | IceCv    | Killed a bog body
 11169 | IceCv    | Reached XP level 12. HP: 62/114 MP: 11/11
 11251 | IceCv    | HP: 5/114 [anaconda simulacrum (26)]
 11914 | D:12     | You are sucked into a shaft and drop 3 floors!
 11914 | D:15     | Entered Level 15 of the Dungeon
 11941 | D:15     | Received a gift from Trog
 12028 | D:15     | Noticed a boulder beetle
 12044 | D:15     | Killed a boulder beetle
 12045 | D:15     | Reached skill level 15 in Unarmed Combat
 12113 | D:15     | Noticed a boulder beetle
 12147 | D:15     | Killed a boulder beetle
 12303 | D:15     | Found a runed translucent gate.
 12304 | D:15     | Found a runed translucent gate.
 12304 | D:15     | Found a runed translucent gate.
 12304 | D:15     | Noticed a centaur warrior
 12304 | D:15     | Noticed a merfolk impaler
 12304 | D:15     | Noticed a naga warrior
 12304 | D:15     | Noticed Kefanin's ghost (adept GrEE)
 12304 | D:15     | Noticed a merfolk javelineer
 12305 | D:15     | Noticed a merfolk impaler
 12310 | D:15     | Noticed an orc warlord
 12322 | D:15     | Noticed a boulder beetle
 12336 | D:15     | Killed a boulder beetle
 12341 | D:15     | Noticed Louise
 12515 | D:15     | Noticed a centaur warrior
 12683 | D:15     | Reached skill level 16 in Unarmed Combat
 12696 | D:15     | Noticed a tengu warrior
 12720 | D:15     | Killed a tengu warrior
 12789 | D:15     | Killed Louise
 12955 | D:14     | Identified the +0 kite shield of Vampiric Thralls {rC+}
 12967 | D:14     | Noticed a tengu warrior
 12967 | D:14     | Noticed a tengu warrior
 12974 | D:14     | Killed a tengu warrior
 12976 | D:14     | Killed a tengu warrior
 13067 | D:14     | Noticed a seven-headed hydra
 13076 | D:14     | Killed a seven-headed hydra
 13082 | D:14     | Reached XP level 13. HP: 77/124 MP: 5/12
 13100 | D:14     | HP: 4/124 [white ugly thing (21)]
 13115 | D:14     | Mangled by a white ugly thing

Illustrated notes

Levels and vault maps discovered:
D:1:      saegor_arrival_simple_d, layout_loops_ring, minmay_tree_intersection,
          minmay_strange_pillars
D:2:      layout_loops_ring, minmay_vboxes, uniq_natasha
D:3:      layout_basic, ebering_ecumenical_altar_box, minmay_misc_feat_tower,
          nicolae_half_adder
D:4:      layout_basic, lemuel_doored_altar, dk_noncrumbling_4, uniq_pikel
D:5:      layout_loops_cross, grunt_dithmenos_shadows, serial_shops,
          kennysheep_mini_moat, uniq_ijyb
D:6:      layout_basic, mainiacjoe_overflow_big_doors,
          minmay_temple_entry_stoned_glass
D:7:      layout_loops_corners
D:8:      layout_loops_cross
D:9:      layout_stronghold, nemelex_spade_bored_becter, lair_entry_dummy,
          serial_shops, shop
D:10:     layout_irregular_city, mainiacjoe_overflow_six_doors_small,
          chequers_temple_overflow_statue_of_worship, orc_0_dummy
D:11:     layout_basic, kennysheep_generic_room_3, uniq_snorg
D:12:     layout_big_octagon, portal_ice_cave_demonic_guard
D:14:     layout_roguey, serial_shops, nicolae_shop_statue_plus,
          roderic_cross_of_infinity, uniq_lodul
D:15:     hangedman_depths_entry_try_elsewhere_first, layout_irregular_city,
          minmay_stone_trees_small, gammafunk_ghost_fury_of_okawaru, uniq_louise

Skill      XL: |  1  2  3  4  5  6  7  8  9 10 11 12 |
---------------+-------------------------------------+-----
Fighting       | 3 4 6 7 |  7.1
Unarmed Combat | 4 6 8 10 12 14 16 | 16.9
Dodging        | 4 6 8 |  8.0
Maces & Flails | 8 |  8.0

Action                     |  1- 3 |  4- 6 |  7- 9 | 10-12 | 13-15 || total
---------------------------+-------+-------+-------+-------+-------++-------
  Melee: Unarmed           |    62 |   141 |   208 |   478 |    18 ||   907
         Punch             |     1 |     3 |    11 |    44 |     1 ||    60
         Morningstar       |       |       |       |     4 |       ||     4
 Invoke: Berserk           |     1 |     1 |       |     4 |     1 ||     7
         Trog's Hand       |       |       |       |     3 |       ||     3
         Brothers in Arms  |       |       |       |     1 |       ||     1
  Evoke: Wand              |       |       |     5 |    20 |       ||    25
    Use: Scroll            |       |     3 |     8 |    16 |     1 ||    28
         Potion            |       |       |     2 |     9 |     1 ||    12
   Stab: Sleeping          |       |       |     1 |       |       ||     1
 Armour: Animal skin       |    23 |    44 |    43 |    25 |       ||   135
         Acid dragon scale |       |       |       |   155 |     2 ||   157
  Dodge: Dodged            |    25 |    58 |    79 |   231 |     4 ||   397
